 Dungeon Crawl Stone Soup version 0.22-a0-439-gac93bac (webtiles) character file.

7973 Mgcat the Severer (level 11, 0/86 HPs)
             Began as a Hill Orc Berserker on May 29, 2018.
             Was an Elder of Trog.
             Slain by Sonja
             ... wielding a +2 dagger of draining
              (1 damage)
             ... on level 1 of the Lair of Beasts.
             The game lasted 00:16:54 (6049 turns).

Mgcat the Severer (Hill Orc Berserker)              Turns: 6049, Time: 00:16:55

Health: 0/86       AC:  8    Str: 24    XL:     11   Next: 23%
Magic:  11/11      EV:  9    Int:  7    God:    Trog [****..]
Gold:   412        SH:  0    Dex: 10    Spells: 10/10 levels left

rFire    + . .     SeeInvis .   q - +1 war axe
rCold    + + .     Gourm    .   (no shield)
rNeg     . . .     Faith    .   u - +2 scale mail {rC+}
rPois    .         Spirit   .   (no helmet)
rElec    .         Reflect  .   f - scarf {rC+ rF+}
rCorr    .         Harm     .   (no gloves)
MR       .....                  (no boots)
Stlth    ..........             (no amulet)
HPRegen  0.24/turn              j - ring of flight {+Fly, !d}
MPRegen  0.12/turn              (no ring)

@: berserk cooldown, slowed, extremely drained, very slow
A: no striking features
a: Berserk, Trog's Hand, Brothers in Arms, Renounce Religion, Evoke Flight


You were on level 1 of the Lair of Beasts.
You worshipped Trog.
Trog was greatly pleased with you.
You were not hungry.

You visited 2 branches of the dungeon, and saw 11 of its levels.

You collected 412 gold pieces.

Inventory:

Hand Weapons
 q - a +1 war axe (weapon)
   (You took it off an orc warrior on level 7 of the Dungeon)
Missiles
 a - 2 curare-tipped needles
 b - a throwing net {=f, !d}
Armour
 f - a scarf of resistance (worn)
   (You found it on level 8 of the Dungeon)
 i - a scarf of repulsion
   (You found it on level 3 of the Dungeon)
 u - a +2 scale mail of cold resistance (worn)
   (You found it on level 8 of the Dungeon)
Jewellery
 j - a ring of flight (left hand) {+Fly, !d}
   (You found it on level 6 of the Dungeon)
Wands
 s - a wand of random effects (9)
   (You found it on level 7 of the Dungeon)
Scrolls
 d - 2 scrolls of identify
 e - a scroll of fog
 h - 3 scrolls of teleportation
 m - 3 scrolls of remove curse
Potions
 g - 2 potions of brilliance {unknown}
 k - a potion of might
 l - a potion of mutation {!q}
 n - a potion of berserk rage {unknown}
 o - a potion of curing
 v - a potion of flight {unknown}
 w - a potion of haste {unknown}
 x - a potion of heal wounds
 z - 2 potions of agility {unknown}
 B - a potion of degeneration {unknown}
 C - a potion of magic {unknown}
Comestibles
 c - 11 rations


   Skills:
 - Level 5.0(0.0) Fighting
 + Level 17.8(0.0) Axes
 - Level 6.9(0.0) Armour
 - Level 5.1(0.0) Dodging


You had 10 spell levels left.
You didn't know any spells.
Your spell library was empty.

Dungeon Overview and Level Annotations

Branches:
Dungeon (10/15)              Lair (1/6) D:10            Orc (0/2) D:9
 Temple: D:4-7

Altars:
Ashenzari
Cheibriados
Fedhas
Gozag
Hepliaklqana
Kikubaaqudgha
Ru
Sif Muna
Trog

Shops:
D:9 *   D:10 *

Annotations:
Lair:1 Sonja


Message History

Sonja hits you with an uncursed dagger of draining.
You feel drained. Sonja hits you but does no damage.
You feel drained.
You completely miss Sonja.
Sonja is heavily wounded.
You feel the effects of Trog's Hand fading.
Sonja hits you but does no damage.
You feel drained. Sonja hits you but does no damage.
You feel drained. Sonja barely misses you. Sonja hits you but does no damage.
You feel drained. Sonja hits you but does no damage.
You feel drained. Sonja hits you but does no damage.
You feel drained. Sonja hits you but does no damage.
You feel drained. Sonja barely misses you. Sonja hits you but does no damage.
You feel drained.
You completely miss Sonja.
Sonja is heavily wounded.
Sonja hits you with an uncursed dagger of draining.
You feel drained. Sonja barely misses you. Sonja hits you but does no damage.
You feel drained. Sonja closely misses you. Sonja hits you but does no damage.
You feel drained.
Sonja hits you with an uncursed dagger of draining.
You feel drained. Sonja barely misses you. Sonja hits you but does no damage.
You feel drained.
Sonja hits you with an uncursed dagger of draining.
You feel drained.
You completely miss Sonja.
Sonja is heavily wounded.
Your skin stops crawling.
You feel less resistant to hostile enchantments.
Sonja shouts, "Too slow!"
Sonja hits you but does no damage.
You feel drained. Sonja barely misses you. Sonja hits you but does no damage.
You feel drained.
Sonja mumbles some strange words.
Sonja blinks!
Sonja gestures wildly while chanting.
Sonja blinks!
Sonja casts a spell.
Sonja blinks!
Sonja hits you with an uncursed dagger of draining.
You feel drained.
Sonja hits you with an uncursed dagger of draining.
You feel drained.
Sonja hits you with an uncursed dagger of draining.
You feel drained.
Sonja hits you with an uncursed dagger of draining.
You feel drained.
Sonja hits you with an uncursed dagger of draining.
You feel drained.
Sonja hits you with an uncursed dagger of draining.
* * * LOW HITPOINT WARNING * * *
You feel drained.
* * * LOW HITPOINT WARNING * * *
You completely miss Sonja.
Sonja is moderately wounded.
Sonja hits you but does no damage.
You feel drained. Sonja hits you but does no damage.
You feel drained. Sonja hits you but does no damage.
You feel drained. Sonja closely misses you. Sonja barely misses you.
Sonja hits you but does no damage.
You feel drained.
Sonja hits you with an uncursed dagger of draining.
* * * LOW HITPOINT WARNING * * *
You feel drained. Sonja closely misses you. Sonja hits you but does no damage.
You feel drained.
You miss Sonja.
Sonja is moderately wounded.
Sonja hits you with an uncursed dagger of draining.
* * * LOW HITPOINT WARNING * * *
You feel drained.
* * * LOW HITPOINT WARNING * * *
Sonja closely misses you.
Sonja hits you with an uncursed dagger of draining.
* * * LOW HITPOINT WARNING * * *
You feel drained. Sonja barely misses you. Sonja hits you but does no damage.
You feel drained. Sonja hits you but does no damage.
You feel drained.
Sonja hits you with an uncursed dagger of draining.
* * * LOW HITPOINT WARNING * * *
You feel drained.
* * * LOW HITPOINT WARNING * * *
Sonja hits you with an uncursed dagger of draining.
* * * LOW HITPOINT WARNING * * *
You feel drained. Sonja hits you but does no damage.
You feel drained.
You miss Sonja.
Sonja is moderately wounded.
Sonja completely misses you.
Sonja hits you with an uncursed dagger of draining.
* * * LOW HITPOINT WARNING * * *
You feel drained. Sonja barely misses you.
Sonja casts a spell.
Sonja blinks!
Okay, then.
Evoke which item? (* to show all) (? for menu, Esc to quit)
Aiming: Random Effects
Press: ? - help, Shift-Dir - straight line, f - Sonja
Aim: Sonja, wielding a dagger of draining (moderately wounded)
The fireball explodes!
The fireball engulfs Sonja.
Sonja is heavily wounded.
You hear an angry hiss.
Sonja hits you with an uncursed dagger of draining.
* * * LOW HITPOINT WARNING * * *
You feel drained.
* * * LOW HITPOINT WARNING * * *
Sonja hits you with an uncursed dagger of draining.
You die...

..... ..... ......
...#.#
###########......
.........<.......
................. .#
###.###....#.####
....#.#.##@#...###.
.........K..........
#.####(............
#P((..##.###.##
#..............
....##......... ...
.⌠... ##..........##
#.#.. ..########. #
.# ..##


You could see Sonja.

Vanquished Creatures
  The ghost of Ijustatesigmund the Fighter, a journeyman OgAr of the Shining One (D:10)
  Erica (D:8)
  3 two-headed ogres
  A cyclops (D:10)
  A centaur skeleton (D:9)
  A hornet (D:9)
  The ghost of Mgcat the Chopper, an amateur HOBe of Trog (D:3)
  2 hungry ghosts
  A water moccasin (D:10)
  3 orc warriors
  An ice beast (D:6)
  3 ogres
  An eye of draining (D:10)
  2 sky beasts
  2 centaurs
  Blork the orc (D:6)
  A big kobold (D:9)
  3 bullfrogs
  A wyvern skeleton (D:10)
  3 scorpions
  3 killer bees (D:10)
  6 howler monkeys
  6 crimson imps
  3 bullfrog zombies
  A centaur zombie (D:10)
  A quasit (D:9)
  3 hounds
  A gnoll shaman (D:4)
  4 orc priests
  3 jellies (D:10)
  7 orc wizards
  4 iguanas
  4 worker ants
  A killer bee zombie (D:10)
  A worker ant zombie (D:9)
  4 gnolls (D:4)
  4 adders
  2 shadow imps
  6 oozes
  An adder zombie (D:6)
  2 adder skeletons (D:9)
  2 worms
  A dart slug (D:1)
  4 leopard geckos
  23 orcs
  A giant cockroach (D:3)
  8 goblins
  3 hobgoblins (D:1)
  12 jackals
  3 quokkas
  2 ball pythons (D:1)
  4 bats
  4 frilled lizards
  7 kobolds
  6 rats
180 creatures vanquished.

Notes
Turn   | Place    | Note
-------+----------+-------------------------------------------
     0 | D:1      | Mgcat the Hill Orc Berserker began the quest for the Orb.
     0 | D:1      | Reached XP level 1. HP: 19/19 MP: 1/1
     6 | D:1      | Noticed a redback
     6 | D:1      | Noticed a polar bear
     6 | D:1      | Noticed a lindwurm
     7 | D:1      | Noticed a hog
     7 | D:1      | Noticed an anaconda
    80 | D:1      | Reached XP level 2. HP: 24/26 MP: 2/2
   111 | D:1      | Reached skill level 5 in Axes
   359 | D:1      | Reached XP level 3. HP: 24/31 MP: 3/3
   460 | D:1      | Reached ** piety under Trog
   695 | D:3      | Noticed a hungry ghost
   703 | D:3      | Reached skill level 6 in Axes
   705 | D:3      | Reached XP level 4. HP: 39/39 MP: 4/4
   716 | D:3      | Killed a hungry ghost
   716 | D:3      | Reached skill level 8 in Axes
   716 | D:3      | Reached XP level 5. HP: 42/45 MP: 5/5
   832 | D:3      | Reached XP level 6. HP: 42/51 MP: 6/6
   864 | D:3      | Noticed Mgcat's ghost (amateur HOBe)
   882 | D:3      | Killed Mgcat's ghost
   882 | D:3      | Reached skill level 9 in Axes
  1049 | D:4      | Reached skill level 10 in Axes
  1049 | D:4      | Reached XP level 7. HP: 57/57 MP: 7/7
  1059 | D:4      | HP: 6/57 [gnoll/halberd (9)]
  1137 | D:5      | Entered Level 5 of the Dungeon
  1266 | D:5      | Reached *** piety under Trog
  1272 | D:5      | Reached skill level 11 in Axes
  1394 | D:5      | Found a shattered altar of Ashenzari.
  1551 | D:6      | Reached XP level 8. HP: 63/64 MP: 8/8
  1560 | D:6      | Reached skill level 12 in Axes
  1791 | D:6      | Found a snail-covered altar of Cheibriados.
  1817 | D:6      | Noticed Blork the orc
  1833 | D:6      | Killed Blork the orc
  1840 | D:6      | Reached skill level 13 in Axes
  1919 | D:6      | Found a blossoming altar of Fedhas.
  2034 | D:7      | Reached skill level 14 in Axes
  2159 | D:7      | Reached skill level 4 in Fighting
  2159 | D:7      | Reached XP level 9. HP: 72/72 MP: 9/9
  2181 | D:7      | Found a deep blue altar of Sif Muna.
  2344 | D:7      | Found an ancient bone altar of Kikubaaqudgha.
  2350 | D:7      | Found a bloodstained altar of Trog.
  2386 | D:8      | Reached skill level 5 in Fighting
  2543 | D:8      | Reached skill level 3 in Armour
  2570 | D:8      | Reached skill level 4 in Armour
  2616 | D:8      | Noticed a two-headed ogre
  2627 | D:8      | Killed a two-headed ogre
  2627 | D:8      | Reached skill level 6 in Armour
  2794 | D:8      | Found an opulent altar of Gozag.
  2877 | D:8      | Found a hazy altar of Hepliaklqana.
  2894 | D:8      | Noticed Erica
  2906 | D:8      | Killed Erica
  2906 | D:8      | Reached skill level 4 in Dodging
  2906 | D:8      | Reached XP level 10. HP: 81/81 MP: 10/10
  3010 | D:8      | Found a sacrificial altar of Ru.
  3215 | D:9      | Reached **** piety under Trog
  3242 | D:9      | Reached skill level 5 in Dodging
  3377 | D:9      | Found a staircase to the Orcish Mines.
  3618 | D:9      | Found Masag's Demolitions Depot.
  3802 | D:9      | Noticed a two-headed ogre
  3814 | D:9      | Killed a two-headed ogre
  3814 | D:9      | Reached skill level 15 in Axes
  4605 | D:10     | Entered Level 10 of the Dungeon
  4605 | D:10     | Found Vedad's Elemental Accessories.
  4786 | D:10     | Found a staircase to the Lair.
  4816 | D:10     | Reached skill level 16 in Axes
  4911 | D:10     | Noticed a cyclops
  4917 | D:10     | Killed a cyclops
  5130 | D:10     | Noticed a two-headed ogre
  5139 | D:10     | Killed a two-headed ogre
  5139 | D:10     | Reached skill level 17 in Axes
  5139 | D:10     | Reached XP level 11. HP: 86/86 MP: 11/11
  5196 | D:10     | Noticed Ijustatesigmund's ghost (journeyman OgAr)
  5216 | D:10     | Killed Ijustatesigmund's ghost
  5523 | D:10     | Reached ***** piety under Trog
  5752 | Lair:1   | Entered Level 1 of the Lair of Beasts
  5752 | Lair:1   | Noticed Sonja
  5784 | Lair:1   | HP: 21/86 [Sonja/uncursed dagger of draining (2)]
  6045 | Lair:1   | HP: 16/86 [Sonja/uncursed dagger of draining (6)]
  6045 | Lair:1   | HP: 5/86 [Sonja/uncursed dagger of draining (4)]
  6049 | Lair:1   | HP: 2/86 [Sonja/uncursed dagger of draining (4)]
  6049 | Lair:1   | Slain by Sonja

Vault maps used:
D:1:      onia_arrival_zoo_common, lemuel_flame_loot_1
D:2:      uniq_sigmund
D:3:      gammafunk_temple_overflow_pools, first_ration
D:4:      nicolae_tso_swordbearing_angel, hangedman_abyss_or_decor_stabs
D:5:      grunt_temple_overflow_order_and_chaos_2, kennysheep_mini_moat,
          lemuel_crystal_altar, minmay_temple_entry_glass
D:6:      slow_altar_2, basic_altar, minmay_curled_crystal, uniq_blork_the_orc
D:7:      lemuel_crystal_altar, kennysheep_mini, basic_altar,
          uniq_crazy_yiuf_cottage
D:8:      kennysheep_little_box, nicolae_ru_sacrificial_ziggurat,
          grunt_gozag_statues, uniq_erica
D:9:      orc_0_dummy, nicolae_blasting_shop
D:10:     lair_entry_dummy, hangedman_little_slice_of_home,
          nicolae_elemental_shop
Lair:1:   minmay_guarded_unrand_snakebite, minmay_hedge_maze,
          grunt_megastairs_5, serial_bayou_shore_b, uniq_fannar, uniq_sonja

Skill      XL: |  1  2  3  4  5  6  7  8  9 10 |
---------------+-------------------------------+-----
Axes           | 5 6 8 10 11 14 17 | 17.8
Fighting       | 4 5 |  5.0
Armour         | 6 |  6.9
Dodging        | 4 5 |  5.1

Action                   |  1- 3 |  4- 6 |  7- 9 | 10-12 || total
-------------------------+-------+-------+-------+-------++-------
Melee: Hand axe          |    77 |    53 |   198 |       ||   328
       War axe           |       |       |    59 |   299 ||   358
Invok: Berserk           |     1 |     2 |    10 |    13 ||    26
       Trog's Hand       |       |     1 |     4 |     4 ||     9
Evoke: Wand              |       |       |       |     3 ||     3
  Use: Potion            |       |       |     2 |     3 ||     5
       Scroll            |       |       |     6 |     4 ||    10
 Stab: Sleeping          |       |     2 |       |       ||     2
  Eat: Chunk             |       |     4 |    16 |    21 ||    41
       Ration            |       |       |       |     3 ||     3
Armor: Animal skin       |    15 |     4 |     4 |       ||    23
       Ring mail         |       |       |    16 |       ||    16
       Chain mail        |       |       |    32 |       ||    32
       Scale mail        |       |       |       |   154 ||   154
Dodge: Dodged            |    62 |    18 |   111 |   166 ||   357
       Deflected         |       |       |     1 |     2 ||     3

Table legend:
 A = Spawn XP
 B = Non-spawn XP
 C = Spawn XP percentage of total XP
 D = Spawn monster count
 E = Non-spawn monster count
 F = Spawn count percentage of total count
 G = Total turns spent on level
                    A         B        C        D         E        F      G
               +---------+---------+-------+---------+---------+-------+---------
         Total |       0 |   11390 |   0.0 |       0 |     180 |   0.0 |  6049
               +---------+---------+-------+---------+---------+-------+---------
           D:1 |       0 |      46 |   0.0 |       0 |      25 |   0.0 |   673
           D:2 |       0 |       3 |   0.0 |       0 |       2 |   0.0 |   119
           D:3 |       0 |     507 |   0.0 |       0 |      17 |   0.0 |   227
           D:4 |       0 |     161 |   0.0 |       0 |      12 |   0.0 |   183
           D:5 |       0 |     313 |   0.0 |       0 |      10 |   0.0 |   318
           D:6 |       0 |     865 |   0.0 |       0 |      18 |   0.0 |   524
           D:7 |       0 |     528 |   0.0 |       0 |      13 |   0.0 |   336
           D:8 |       0 |    2235 |   0.0 |       0 |      10 |   0.0 |   745
           D:9 |       0 |    2646 |   0.0 |       0 |      32 |   0.0 |  1480
          D:10 |       0 |    4086 |   0.0 |       0 |      41 |   0.0 |  1384
               +---------+---------+-------+---------+---------+-------+---------

Vault maps used:
D:1:      onia_arrival_zoo_common, lemuel_flame_loot_1
D:2:      uniq_sigmund
D:3:      gammafunk_temple_overflow_pools, first_ration
D:4:      nicolae_tso_swordbearing_angel, hangedman_abyss_or_decor_stabs
D:5:      grunt_temple_overflow_order_and_chaos_2, kennysheep_mini_moat,
          lemuel_crystal_altar, minmay_temple_entry_glass
D:6:      slow_altar_2, basic_altar, minmay_curled_crystal, uniq_blork_the_orc
D:7:      lemuel_crystal_altar, kennysheep_mini, basic_altar,
          uniq_crazy_yiuf_cottage
D:8:      kennysheep_little_box, nicolae_ru_sacrificial_ziggurat,
          grunt_gozag_statues, uniq_erica
D:9:      orc_0_dummy, nicolae_blasting_shop
D:10:     lair_entry_dummy, hangedman_little_slice_of_home,
          nicolae_elemental_shop
Lair:1:   minmay_guarded_unrand_snakebite, minmay_hedge_maze,
          grunt_megastairs_5, serial_bayou_shore_b, uniq_fannar, uniq_sonja

Table legend:
 A = Turns spent in this place as a percentage of turns spent in the entire game.
 B = Non-inter-level travel turns spent in this place as a percentage of non-inter-level travel turns spent in the entire game.
 C = Inter-level travel turns spent in this place as a percentage of turns spent in this place.
 D = Turns resting spent in this place as a percentage of non-inter-level travel turns spent in this place.
 E = Turns spent auto-exploring this place as a percentage of non-inter-level travel turns spent in this place.
 F = Non-inter-level travel turns spent in this place divided by the number of levels of this place that you've seen.
                   A       B       C       D       E      F
               +-------+-------+-------+-------+-------+----------------------
         Total | 100.0 | 100.0 |   3.2 |  13.0 |  61.6 | 532.2
       Dungeon |  99.0 |  99.0 |   3.3 |  13.1 |  62.2 | 579.4
          Lair |   1.0 |   1.0 |   0.0 |   0.0 |   0.0 |  60.0
               +-------+-------+-------+-------+-------+----------------------

Table legend:
 A = Kills in this place as a percentage of kills in entire the game.
 B = Kills by you in this place as a percentage of kills by you in the entire game.
 C = Kills by friends in this place as a percentage of kills by friends in the entire game.
 D = Other kills in this place as a percentage of other kills in the entire game.
 E = Experience gained in this place as a percentage of experience gained in the entire game.
 F = Experience gained in this place divided by the number of levels of this place that you have seen.
                   A       B       C       D       E      F
               +-------+-------+-------+-------+-------+----------------------
         Total | 100.0 | 100.0 |   N/A |   N/A | 100.0 | 1035.5
       Dungeon | 100.0 | 100.0 |   N/A |   N/A | 100.0 | 1139.0
               +-------+-------+-------+-------+-------+----------------------
